 Dungeon Crawl Stone Soup version 0.16-a0-3246-g12054e0 (webtiles) character file.

1211 PolkaDot the Fighter (level 8, 0/71 HPs)
             Began as a Vampire Summoner on Dec 22, 2014.
             Slain by a killer bee (2 damage)
             ... on level 6 of the Dungeon.
             The game lasted 00:21:11 (6624 turns).

PolkaDot the Fighter (Vampire Summoner)             Turns: 6624, Time: 00:21:11

Health: 0/71       AC:  3    Str:  7    XL:     8   Next: 22%
Magic:  1/13       EV: 12    Int: 19    God:
Gold:   328        SH:  0    Dex: 14    Spells: 3 memorised, 2 levels left

rFire  . . .     SeeInvis +     j - +2 spear
rCold  . . .     Clarity  .     a - +1 robe
rNeg   . . .     SustAb   .     (no shield)
rPois  .         Gourm    .     (no helmet)
rElec  .         Spirit   .     (no cloak)
rCorr  .         Warding  .     (no gloves)
rMut   .         Stasis   .     (no boots)
MR     .....                    (no amulet)
Stlth  +++.......               (no ring)
                                x - ring of stealth (curse)

@: lethally poisoned, very slightly contaminated, regenerating very quickly, not
resistant to hostile enchantments, fairly stealthy
A: bottle blood, fangs 3, see invisible, unbreathing
a: no special abilities


You were on level 6 of the Dungeon.
You were almost alive.

You visited 1 branch of the dungeon, and saw 6 of its levels.

You collected 328 gold pieces.

Inventory:

Hand weapons
 j - a +2 spear (weapon)
Missiles
 c - a throwing net (quivered)
Armour
 a - a +1 robe (worn)
Jewellery
 x - a cursed ring of stealth (left hand)
Magical devices
 q - a wand of frost (48)
Scrolls
 f - 4 scrolls of identify {unknown}
 l - a scroll of enchant armour
 m - a scroll of recharging
 t - a scroll of magic mapping {unknown}
 u - a scroll of enchant weapon {unknown}
 v - a scroll of blinking {unknown}
Potions
 g - a potion of brilliance
 h - 2 potions of cancellation
 p - a potion of agility {unknown}
 r - a potion of lignification {unknown}
Books
 b - a book of Callings

   Spells                             Type                      Level
   a - Summon Small Mammal            Summoning                    1
   b - Call Imp                       Summoning                    2
   c - Call Canine Familiar           Summoning                    3
   d - Summon Guardian Golem          Hexes/Summoning              4
   e - Summon Lightning Spire         Summoning/Air                4
   f - Summon Ice Beast               Ice/Summoning                4
 w - a book of Flames

   Spells                             Type                      Level
   a - Flame Tongue                   Conjuration/Fire             1
   b - Throw Flame                    Conjuration/Fire             2
   c - Conjure Flame                  Conjuration/Fire             3
   d - Inner Flame                    Hexes/Fire                   3
   e - Sticky Flame                   Conjuration/Fire             4
   f - Fireball                       Conjuration/Fire             5


   Skills:
 * Level 9.0 Fighting
 - Level 2.1 Dodging
 - Level 3.0 Stealth
 - Level 2.0 Spellcasting
 - Level 4.0 Summonings


You had 2 spell levels left.
You knew the following spells:

 Your Spells              Type           Power        Failure   Level  Hunger
d - Call Canine Familiar  Summ           ###.....     12%         3    ###....
i - Summon Ice Beast      Ice/Summ       #.......     75%         4    #####..
s - Call Imp              Summ           ###.....     6%          2    ###....


Dungeon Overview and Level Annotations

Branches:
Dungeon (6/15)
 Temple: D:4-7

Altars:
Dithmenos
Gozag
Trog
Vehumet


Innate Abilities, Weirdness & Mutations

Your natural rate of healing is extremely fast.
You can bottle blood from corpses.
You have razor-sharp teeth.
You have supernaturally acute eyesight.
You can survive without breathing.


Message History

Read which item? (? for menu, Esc to quit)
As you read the scroll labeled THAPNE BEOMPOE, it crumbles to dust.
The creatures around you are filled with an inner flame!
It was a scroll of immolation.
You feel sick. The killer bee stings you!
* * * LOW HITPOINT WARNING * * *
You are more poisoned.
The killer bee poisons you!
The killer bee closely misses your crimson imp.
The killer bee completely misses your crimson imp.
The killer bee barely misses you. The killer bee stings your crimson imp!
The killer bee stings your crimson imp!
Your crimson imp dies!
Your crimson imp completely misses the killer bee.
Read which item? (? for menu, Esc to quit)
As you read the scroll labeled KHEPPI JEOL, it crumbles to dust.
You hear a loud clanging noise!
It was a scroll of noise.
* * * LOW HITPOINT WARNING * * *
You feel sick. The killer bee closely misses you. The killer bee stings you.
You die...

......# . #....# #...##
#....# #...# ##.5##
.#..y# .##yy## ..##@.##
... #.##...# #. #..
#.###..## #... #.. #.#
#...# #.... #.#
#.#####.###...# #.#
#.....#......# ###.#
#.###.#.....## .####...#
##.###.###...#
........####...##.####..#


You could see 3 killer bees and a friendly crimson imp.

Vanquished Creatures
  Menkaure (D:6)
  An orc warrior (D:6)
  A wight (D:6)
  A hound (D:6)
  An iguana (D:6)
  2 centaur skeletons
  An orc priest (D:6)
  3 adders
  A gnoll (D:1)
  A shadow imp (D:6)
  A worm (D:4)
  2 oozes
  11 orcs
  5 giant cockroaches
  7 hobgoblins
  3 jackals
  8 kobolds
  2 quokkas (D:2)
  2 ball pythons
  11 bats
  5 giant geckos
  4 giant newts
  10 goblins
  A quokka skeleton (D:5)
  11 rats
96 creatures vanquished.

Vanquished Creatures (collateral kills)
  A black bear (D:6)
  3 ogres
  2 phantoms (D:4)
  2 centaurs
  A scorpion (D:6)
  3 wights
  A giant frog zombie (D:4)
  2 crimson imps (D:5)
  A hound (D:5)
  A yellow wasp zombie (D:5)
  A giant frog skeleton (D:4)
  3 orc wizards
  3 worker ants
  An iguana (D:6)
  A hound skeleton (D:4)
  5 adders
  2 worms
  2 giant geckos
  4 orcs
  5 bats
  A goblin (D:5)
  3 hobgoblins
  A jackal (D:6)
  A quokka (D:4)
  3 giant newts (D:6)
  2 kobolds
  A rat (D:4)
56 creatures vanquished.

Vanquished Creatures (others)
  8 hounds
  4 crimson imps (D:6)
  2 shadow imps (D:6)
  3 white imps
  2 quokkas (D:1)
  A bat (D:1)
20 creatures vanquished.

Grand Total: 172 creatures vanquished

Notes
Turn   | Place    | Note
--------------------------------------------------------------
     0 | D:1      | PolkaDot, the Vampire Summoner, began the quest for the Orb.
     0 | D:1      | Reached XP level 1. HP: 13/13 MP: 3/3
    46 | D:1      | Reached skill level 1 in Fighting
    63 | D:1      | Reached XP level 2. HP: 2/21 MP: 0/4
   765 | D:1      | Learned a level 2 spell: Call Imp
   796 | D:2      | HP: 1/22 [hobgoblin (2)]
  1008 | D:2      | Reached XP level 3. HP: 19/28 MP: 6/6
  1663 | D:2      | Learned a level 3 spell: Call Canine Familiar
  1743 | D:3      | Reached XP level 4. HP: 33/35 MP: 7/7
  2010 | D:3      | Found a radiant altar of Vehumet.
  2260 | D:4      | Noticed an ogre
  2277 | D:4      | Killed an ogre
  2326 | D:4      | Noticed an ogre
  2340 | D:4      | Killed an ogre
  2340 | D:4      | Reached XP level 5. HP: 11/43 MP: 0/9
  2446 | D:4      | Found a shadowy altar of Dithmenos.
  2571 | D:4      | Reached skill level 5 in Fighting
  2703 | D:4      | Noticed a phantom
  2729 | D:4      | Killed a phantom
  2729 | D:4      | Reached XP level 6. HP: 37/51 MP: 1/10
  2738 | D:4      | Found an opulent altar of Gozag.
  3178 | D:4      | HP: 2/51 [phantom (4)]
  3533 | D:5      | Entered Level 5 of the Dungeon
  3546 | D:5      | Reached skill level 6 in Fighting
  4047 | D:5      | Reached XP level 7. HP: 36/59 MP: 0/12
  4494 | D:5      | Reached skill level 7 in Fighting
  4865 | D:5      | Learned a level 4 spell: Summon Ice Beast
  5917 | D:6      | Reached skill level 8 in Fighting
  6250 | D:6      | Reached XP level 8. HP: 31/69 MP: 4/13
  6364 | D:6      | Found a bloodstained altar of Trog.
  6462 | D:6      | Noticed Menkaure
  6472 | D:6      | Killed Menkaure
  6505 | D:6      | Reached skill level 9 in Fighting
  6623 | D:6      | HP: 2/71 [killer bee (9)]
  6624 | D:6      | Slain by a killer bee

Action                   |  1- 3 |  4- 6 |  7- 9 || total
-------------------------+-------+-------+-------++-------
Melee: Unarmed           |    43 |       |       ||    43
       Dagger            |   153 |   251 |    96 ||   500
       Spear             |       |       |    81 ||    81
 Cast: Summon Small Mamm |     7 |     1 |       ||     8
       Call Imp          |     7 |    38 |    42 ||    87
       Call Canine Famil |       |    11 |    17 ||    28
  Use: Potion            |     5 |    18 |    24 ||    47
       Scroll            |       |       |     5 ||     5
 Stab: Sleeping          |     6 |     3 |     1 ||    10
       Distracted        |     1 |       |       ||     1
  Eat: Corpse            |    16 |       |       ||    16
